 Dungeon Crawl Stone Soup version 0.25-a0-479-g8579842fd4 (webtiles) character file.

Game seed: 12437334599001622810, levelgen mode: deterministic

131 HawFromDerth the Chopper (level 5, -7/42 HPs)
             Began as a Human Berserker on Feb 9, 2020.
             Was a Believer of Trog.
             Killed by divine providence
             ... invoked by an orc priest
              (10 damage)
             ... on level 3 of the Dungeon.
             The game lasted 00:07:48 (2633 turns).

HawFromDerth the Chopper (Human Berserker)          Turns: 2633, Time: 00:07:49

Health: -7/42      AC:  3    Str: 18    XL:     5   Next: 37%
Magic:  5/5        EV: 13    Int:  7    God:    Trog [**....]
Gold:   72         SH:  0    Dex: 13    Spells: 4/4 levels left

rFire    . . .     SeeInvis .   a - +1 hand axe
rCold    . . .     Gourm    .   (no shield)
rNeg     . . .     Faith    .   b - +0 animal skin
rPois    .         Spirit   .   (no helmet)
rElec    .         Reflect  .   e - +0 cloak
rCorr    .         Harm     .   (no gloves)
MR       .....                  (no boots)
Stlth    ++........             (no amulet)
HPRegen  0.14/turn              (no ring)
MPRegen  0.09/turn              (no ring)

@: berserk cooldown, slowed, very slow
A: no striking features
a: Berserk, Trog's Hand, Renounce Religion


You were on level 3 of the Dungeon.
You worshipped Trog.
Trog was pleased with you.
You were very hungry.

You visited 1 branch of the dungeon, and saw 3 of its levels.

You collected 72 gold pieces.

Inventory:

Hand Weapons
 a - a +1 hand axe (weapon)
Armour
 b - a +0 animal skin (worn)
 e - a +0 cloak (worn)
Scrolls
 d - 2 scrolls of teleportation {unknown}
 f - a scroll of amnesia {unknown}
 h - a scroll of identify
 i - a scroll of remove curse {unknown}
Potions
 g - a potion of flight {unknown}
 j - a potion of heal wounds
 k - a potion of agility {unknown}
Comestibles
 c - 3 rations


   Skills:
 + Level 3.9 Fighting
 + Level 4.3 Axes
 + Level 2.0 Armour
 + Level 3.0 Dodging
 + Level 0.7 Stealth


You had 4 spell levels left.
You didn't know any spells.
Your spell library was empty.

Dungeon Overview and Level Annotations

Branches:
Dungeon (3/15)

Altars:


Message History

You see here a stone.
The goblin shoots a stone.
The stone hits you.
* * * LOW HITPOINT WARNING * * *
You see here a stone.
The goblin shoots a stone.
The stone misses you.
You see here a stone.
The goblin shoots a stone.
The stone closely misses you.
The goblin shoots a stone.
The stone closely misses you.
The goblin shoots a stone.
The stone hits you but does no damage.
You see here a stone.
The goblin shoots a stone.
The stone closely misses you.
The orc priest miscasts a cantrip.
The goblin shoots a stone.
The stone hits you.
* * * LOW HITPOINT WARNING * * *
You see here 2 stones.
The goblin shoots a stone.
The stone barely misses you.
You see here a stone.
The orc priest calls down the wrath of Beogh upon you.
Beogh smites you!
You die...

#### ##### ..# ##########...#
#.# #............#####
.#######.####.#######(..>..).#
.!............# #.#.####..
.#######)..####### #.#.# ###
#ogo(o.g........####.#.#
#)#####..(##@(####...#.# #)#
#..(.(.## ###.#.#


Ko. #.#.#### #.#.# ..... ..###.# ###.#)###### #.#.#.#.# #.# #≈#.#.......
#.#....# ## ##≈#......... #....#.. # #≈≈≈#.##.#### # ...##.# .K##≈≈≈.........
.K#≈≈≈≈..##.#### You could see an orc priest and a goblin.

Vanquished Creatures
  An orc priest (D:3)
  Jessica (D:2)
  An adder (D:2)
  2 worms (D:2)
  6 dart slugs
  2 leopard geckos (D:1)
  2 orcs (D:3)
  5 bats
  2 giant cockroaches (D:1)
  4 goblins
  4 hobgoblins
  3 jackals (D:1)
  4 kobolds
  A ball python (D:3)
  7 rats
45 creatures vanquished.

Notes
Turn   | Place    | Note
-------+----------+-------------------------------------------
     0 | D:1      | HawFromDerth the Human Berserker began the quest for the
                  | Orb.
     0 | D:1      | Reached XP level 1. HP: 18/18 MP: 1/1
    95 | D:1      | Reached XP level 2. HP: 13/24 MP: 2/2
   528 | D:1      | Reached XP level 3. HP: 21/29 MP: 3/3
  1680 | D:2      | Reached ** piety under Trog
  1692 | D:2      | Reached XP level 4. HP: 35/37 MP: 4/4
  1726 | D:2      | Noticed Jessica
  1734 | D:2      | Killed Jessica
  1734 | D:2      | Reached skill level 4 in Axes
  2520 | D:3      | Noticed a big kobold
  2587 | D:3      | Reached XP level 5. HP: 33/42 MP: 5/5
  2633 | D:3      | Killed from afar by an orc priest

Levels and vault maps discovered:
D:1:      scummos_arrival_forest, layout_basic
D:2:      layout_loops_cross, uniq_jessica
D:3:      cheibrodos_thug_alley, layout_loops_ring, cheibrodos_ashenzari_chains

Skill      XL: |  1  2  3  4  5 |
---------------+----------------+-----
Axes           | 4 |  4.3
Dodging        | 3 |  3.0
Fighting       | |  3.9
Armour         | |  2.0
Stealth        | |  0.7

Action                   |  1- 3 |  4- 6 || total
-------------------------+-------+-------++-------
Melee: Hand axe          |    84 |    49 ||   133
Invok: Berserk           |     2 |     1 ||     3
  Use: Potion            |     2 |       ||     2
       Scroll            |       |     4 ||     4
  Eat: Ration            |     2 |       ||     2
Armor: Animal skin       |    23 |     3 ||    26
Dodge: Dodged            |    80 |    33 ||   113

Table legend:
 A = Non-vault XP
 B = Vault XP
 C = Vault XP percentage of total XP
 D = Non-vault monster count
 E = Vault monster count
 F = Vault count percentage of total count
                 A         B        C        D         E       F
            +---------+---------+-------+---------+---------+-------
      Total |     151 |      37 |  19.7 |      44 |       1 |   2.2
            +---------+---------+-------+---------+---------+-------
        D:1 |      47 |       0 |   0.0 |      23 |       0 |   0.0
        D:2 |      50 |      37 |  42.5 |      15 |       1 |   6.2
        D:3 |      54 |       0 |   0.0 |       6 |       0 |   0.0
            +---------+---------+-------+---------+---------+-------
